 Dungeon Crawl Stone Soup version 0.21-a0-471-gd587bd5 (webtiles) character file.

124 sagitran the Sneak (level 4, -6/21 HPs)
             Began as a Spriggan Enchanter on Nov 21, 2017.
             Mangled by a two-headed ogre
             ... wielding a +0 giant club
              (22 damage)
             ... on level 4 of the Dungeon.
             The game lasted 00:11:54 (3369 turns).

sagitran the Sneak (Spriggan Enchanter)             Turns: 3369, Time: 00:11:55

Health: -6/21      AC:  2    Str:  4    XL:     4   Next: 81%
Magic:  4/10       EV: 19    Int: 16    God:
Gold:   137        SH:  0    Dex: 17    Spells: 3/9 levels left

rFire    . . .     SeeInvis +   a - +2 dagger
rCold    . . .     Gourm    .   (shield restricted)
rNeg     . . .     Faith    .   b - +0 robe
rPois    .         Spirit   .   (helmet restricted)
rElec    .         Reflect  .   (no cloak)
rCorr    .         Harm     .   (gloves unavailable)
MR       .....                  (boots unavailable)
Stlth    +++.......             (no amulet)
HPRegen  0.07/turn              (no ring)
MPRegen  0.12/turn              (no ring)

@: very quick
A: unfitting armour, see invisible, herbivore 3, speed 3, slow metabolism 2
a: no special abilities


You were on level 4 of the Dungeon.
You were not hungry.

You visited 1 branch of the dungeon, and saw 4 of its levels.

You collected 137 gold pieces.

Inventory:

Hand Weapons
 a - a +2 dagger (weapon)
Armour
 b - a +0 robe (worn)
Magical Staves
 h - an uncursed staff of air
Scrolls
 e - a scroll of enchant weapon
 j - 2 scrolls of teleportation
 l - a scroll of enchant armour {unknown}
Potions
 f - a potion of curing
 g - a potion of ambrosia
Books
 c - a book of Maledictions

   Spells                             Type                      Level
   a - Corona                         Hexes                        1
   b - Ensorcelled Hibernation        Hexes/Ice                    2
   c - Confuse                        Hexes                        3
   d - Tukima's Dance                 Hexes                        3
   e - Dazzling Spray                 Conjuration/Hexes            3
Comestibles
 d - 2 bread rations


   Skills:
 + Level 0.7 Fighting
 + Level 2.0 Short Blades
 + Level 3.9 Dodging
 + Level 5.9 Stealth
 + Level 3.3 Spellcasting
 + Level 4.2 Hexes
 + Level 0.6 Ice Magic


You had 3 spell levels left.
You knew the following spells:

 Your Spells              Type           Power        Failure   Level  Hunger
a - Corona                Hex            ###....      3%          1    None
b - Ensorcelled Hibernat  Hex/Ice        ##....       10%         2    ##.....
c - Dazzling Spray        Conj/Hex       #.....       22%         3    ###....


Dungeon Overview and Level Annotations

Branches:
Dungeon (4/15)
 Temple: D:4-7

Altars:
Makhleb
The Shining One


Innate Abilities, Weirdness & Mutations

You are very small and have problems with some larger weapons.
You are too small for most types of armour.
You have supernaturally acute eyesight. (SInv)
You are a herbivore.
You cover ground extremely quickly.
You need consume almost no food.


Message History

Casting: Ensorcelled Hibernation
Confirm with . or Enter, or press ? or * to list all spells.
Aiming: Ensorcelled Hibernation
Press: ? - help, Shift-Dir - straight line, f/p - two-headed ogre
Aim: a two-headed ogre, wielding two giant clubs (heavily wounded, chance to defeat MR: 25%)
The two-headed ogre resists with almost no effort.
The two-headed ogre hits you but does no damage.
The two-headed ogre barely misses you.
Casting: Ensorcelled Hibernation
Confirm with . or Enter, or press ? or * to list all spells.
Aiming: Ensorcelled Hibernation
Press: ? - help, Shift-Dir - straight line, f/p - two-headed ogre
Aim: a two-headed ogre, wielding two giant clubs (heavily wounded, chance to defeat MR: 25%)
The two-headed ogre resists with almost no effort.
The two-headed ogre closely misses you. The two-headed ogre misses you.
You hit the two-headed ogre.
The two-headed ogre is severely wounded.
The two-headed ogre hits you with a giant club!!
Ouch! That really hurt!
You die...

#o. #.# #o# .)
#o# .. #<# .# #.#
.# # ##
#.####.##.#..
##O#
#............
##@#.#####....>#
#.###.......#
##.#.#####..#
#######.######..#
................#
##.#........<...#
#.#########?## #.
#.# # #.#


You could see a two-headed ogre.

Vanquished Creatures
  A hound (D:3)
  3 adders
  A dart slug (D:1)
  2 leopard geckos
  An orc (D:3)
  11 bats
  4 giant cockroaches
  7 goblins
  10 hobgoblins
  3 jackals (D:3)
  A quokka (D:2)
  4 frilled lizards
  6 kobolds
  9 rats
63 creatures vanquished.

Notes
Turn   | Place    | Note
-------+----------+-------------------------------------------
     0 | D:1      | sagitran the Spriggan Enchanter began the quest for the Orb.
     0 | D:1      | Reached XP level 1. HP: 9/9 MP: 5/5
   367 | D:1      | Found a glowing golden altar of the Shining One.
   445 | D:1      | Reached XP level 2. HP: 13/13 MP: 6/6
   669 | D:1      | Reached skill level 5 in Stealth
  1243 | D:2      | Learned a level 2 spell: Ensorcelled Hibernation
  1287 | D:2      | Reached XP level 3. HP: 13/17 MP: 5/8
  2429 | D:3      | Learned a level 3 spell: Dazzling Spray
  2523 | D:3      | Found a burning altar of Makhleb.
  2531 | D:3      | Reached XP level 4. HP: 14/21 MP: 6/9
  3363 | D:4      | Noticed a two-headed ogre
  3369 | D:4      | Mangled by a two-headed ogre

Vault maps used:
D:1:      scummos_arrival_gate, tso_metal_star
D:3:      makhleb_blood_cavern_becter, nicolae_underground_beach
D:4:      cheibrodos_ashenzari_chains, first_bread

Skill      XL: |  1  2  3  4 |
---------------+-------------+-----
Hexes          | 4 |  4.2
Stealth        | 5 |  5.9
Spellcasting   | 3 |  3.3
Short Blades   | 2 |  2.0
Fighting       | |  0.7
Dodging        | |  3.9
Ice Magic      | |  0.6

Action                   |  1- 3 |  4- 6 || total
-------------------------+-------+-------++-------
Melee: Dagger            |   185 |    59 ||   244
 Cast: Ensorcelled Hiber |    12 |     6 ||    18
       Corona            |     1 |       ||     1
  Use: Scroll            |     4 |     2 ||     6
 Stab: Sleeping          |    20 |     8 ||    28
  Eat: Royal jelly       |       |     1 ||     1
Armor: Robe              |    17 |     4 ||    21
Dodge: Dodged            |   174 |    51 ||   225

Table legend:
 A = Spawn XP
 B = Non-spawn XP
 C = Spawn XP percentage of total XP
 D = Spawn monster count
 E = Non-spawn monster count
 F = Spawn count percentage of total count
 G = Total turns spent on level
                    A         B        C        D         E        F      G
               +---------+---------+-------+---------+---------+-------+---------
         Total |       0 |     178 |   0.0 |       0 |      63 |   0.0 |  3369
               +---------+---------+-------+---------+---------+-------+---------
           D:1 |       0 |      36 |   0.0 |       0 |      19 |   0.0 |  1226
           D:2 |       0 |      49 |   0.0 |       0 |      25 |   0.0 |  1168
           D:3 |       0 |      80 |   0.0 |       0 |      18 |   0.0 |   915
           D:4 |       0 |      13 |   0.0 |       0 |       1 |   0.0 |    60
               +---------+---------+-------+---------+---------+-------+---------
